 Dungeon Crawl Stone Soup version 0.31-a0-180-g519b7de00c (webtiles) character file.

Game seed: 16161345424367056656

289 qw the Chopper (level 6, 0/37 HPs)
             Began as a Gargoyle Fighter on June 19, 2023.
             Slain by an orc wizard
             ... wielding a +0 dagger of speed
              (3 damage)
             ... on level 3 of the Dungeon.
             The game lasted 00:01:03 (1456 turns).

qw the Chopper (Gargoyle Fighter)                   Turns: 1456, Time: 00:01:03

Health: 0/37       AC: 12    Str: 22    XL:     6   Next: 31%
Magic:  6/6        EV: 10    Int:  8    God:
Gold:   166        SH:  5    Dex: 15    Spells: 5/5 levels left

rFire   . . .        Y - +0 war axe
rCold   . . .        c - +0 buckler
rNeg    + . .        b - +0 scale mail
rPois   inf          f - +0 helmet
rElec   +            (no cloak)
rCorr   .            (no gloves)
SInv    .            (no boots)
Will    .....        (no amulet) Stlth
                     h - +6 ring of dexterity
HPRegen 0.26/turn    (no ring)
MPRegen 0.10/turn

%: no passive effects
@: no status effects
A: sickness immunity, AC +4, negative energy resistance 1, electricity
resistance, torment resistance 1, petrification resistance
a: no special abilities


You were on level 3 of the Dungeon.
You visited 1 branch of the dungeon, and saw 3 of its levels.

You collected 166 gold pieces.


Innate Abilities, Weirdness & Mutations

You are immune to sickness and miasma.
Your stone body is resilient. (AC +4)
You are immune to poison.
You resist negative energy. (rN+)
You are resistant to electric shocks. (rElec)
You are resistant to unholy torment.
You are immune to petrification.


   Skills:
 + Level 3.5 Fighting
 - Level 5.0 Axes
 - Level 3.2 Armour
 - Level 2.3 Dodging
 - Level 3.2 Shields


You had 5 spell levels left.
You didn't know any spells.
Your spell library was empty.

Inventory:

Hand Weapons
 g - a +0 flail
 Y - a +0 war axe (weapon)
Armour
 b - a +0 scale mail (worn)
 c - a +0 buckler (worn)
 f - a +0 helmet (worn)
Jewellery
 h - a +6 ring of dexterity (left hand)
Potions
 a - a potion of curing {unknown}
 d - a potion of might
 e - a potion of mutation {unknown}
 j - a potion of haste {unknown}

Dungeon Overview and Level Annotations

Branches:
Dungeon (3/15)

Altars:

Shops:
D:1 !


Message History

The orc barely misses you.
The orc wizard gestures wildly while chanting.
The orc wizard flickers and vanishes!
You hear some strange, mumbled words.
A puff of flame appears from out of thin air!
The puff of flame hits you. The orc barely misses you. Something hits you. x2
You feel less confused.
You hear some strange, mumbled words.
A puff of flame appears from out of thin air!
The puff of flame misses you. You block the orc's attack. Something hits you.
You slash the orc!
You kill the orc!
You hit something. x2
Something hits you but does no damage. x3
Your Axes skill increases to level 5!
You miss something. You slash something!
Reactivating autopickup.
You feel a bit more experienced. Something hits you but does no damage.
Deactivating autopickup; reactivate with Ctrl-A.
You hit something but do no damage.
Something hits you but does no damage. x2
You completely miss something. Something hits you but does no damage.
You hear some strange, mumbled words.
Something tries to affect you, but you resist.
You hit something. Something hits you but does no damage. Something hits you.
You closely miss something.
You hear some strange, mumbled words.
A puff of flame appears from out of thin air!
The puff of flame hits you but does no damage.
Something hits you but does no damage.
You barely miss something. Something hits you but does no damage.
A rat comes into view.
Something hits you but does no damage.
1456 ||| FLEEEEING.
Something hits you.
You die...

########.##.....#
#.##.....# ##
#.##.....# ..
+..'...>.# #
#.##.....#
#.##.....########
..................
.#........))......
#..##......@{....#
#..#.#.....))...#.#
# ..#.##.....[##.#
....##.#....#.# .
....#.#.#..#.#.#
....#.##..##.#..
...# .... #.... .r
.... ..


You could see a rat (wandering).

Vanquished Creatures
  An ogre (D:3)
  An iguana (D:2)
  An orc wizard (D:3)
  5 adders
  4 gnolls (D:2)
  A worm (D:2)
  A dart slug (D:3)
  3 orcs (D:3)
  5 bats
  6 endoplasms
  4 giant cockroaches
  2 goblins (D:2)
  5 hobgoblins
  7 jackals
  4 quokkas
  3 ball pythons
  5 frilled lizards
  5 kobolds
  5 rats
68 creatures vanquished.

Notes
Turn   | Place    | Note
-------+----------+-------------------------------------------
     0 | D:1      | qw the Gargoyle Fighter began the quest for the Orb.
     0 | D:1      | Reached XP level 1. HP: 14/14 MP: 1/1
     0 | D:1      | 0 ||| qw: Version: 0.3-a-7-ge0c9b40
     0 | D:1      | 0 ||| qw: Game counter: 919
     0 | D:1      | 0 ||| qw: Always use a shield: true
     0 | D:1      | 0 ||| qw: God list: Okawaru
     0 | D:1      | 0 ||| qw: Allow faded altars: false
     0 | D:1      | 0 ||| qw: Do Orc after D:15 true
     0 | D:1      | 0 ||| qw: Do second Lair branch before Depths: true
     0 | D:1      | 0 ||| qw: Lair rune preference: random
     0 | D:1      | 0 ||| qw: Plans: Normal, Zot:1-4, Slime:5, God:TSO, Crypt,
                  | Tomb, Abyss, Pan, Hells, Win
     0 | D:1      | 0 ||| PLANNING D:1-11
    40 | D:1      | Reached skill level 2 in Axes
   135 | D:1      | Found Fena's Distillery.
   140 | D:1      | 140 ||| SHOPLISTING potion of attraction (33 gold, have 0).
   140 | D:1      | 140 ||| SHOPLISTING potion of enlightenment (55 gold, have
                  | 0).
   140 | D:1      | 140 ||| SHOPLISTING potion of haste (110 gold, have 0).
   140 | D:1      | 140 ||| SHOPLISTING potion of heal wounds (55 gold, have
                  | 0).
   140 | D:1      | 140 ||| SHOPLISTING potion of magic (88 gold, have 0).
   140 | D:1      | 140 ||| SHOPLISTING potion of might (44 gold, have 0).
   157 | D:1      | Reached XP level 2. HP: 19/19 MP: 2/2
   246 | D:1      | 246 ||| Stepping ~*~*~tactically~*~*~ (stealth).
   347 | D:1      | 347 ||| DROPPING +0 club.
   409 | D:1      | Reached skill level 3 in Axes
   464 | D:1      | Reached XP level 3. HP: 23/23 MP: 3/3
   772 | D:1      | 772 ||| UPGRADING to +0 helmet.
   777 | D:1      | 777 ||| READING scroll labelled SUILE BEDWAE.
   831 | D:2      | 831 ||| Stepping ~*~*~tactically~*~*~ (stealth).
   844 | D:2      | Reached XP level 4. HP: 18/28 MP: 4/4
   847 | D:2      | Reached skill level 4 in Axes
   848 | D:2      | 848 ||| FLEEEEING.
   849 | D:2      | 849 ||| FLEEEEING.
   850 | D:2      | 850 ||| FLEEEEING.
   852 | D:2      | 852 ||| FLEEEEING.
   853 | D:2      | 853 ||| FLEEEEING.
   854 | D:2      | 854 ||| FLEEEEING.
   855 | D:2      | 855 ||| FLEEEEING.
   856 | D:2      | 856 ||| FLEEEEING.
   857 | D:2      | 857 ||| STAIRDANCE
   902 | D:2      | 902 ||| DROPPING +0 whip.
  1039 | D:2      | Reached XP level 5. HP: 32/32 MP: 5/5
  1042 | D:2      | 1042 ||| Stepping ~*~*~tactically~*~*~ (stealth).
  1084 | D:2      | 1084 ||| Stepping ~*~*~tactically~*~*~ (stealth).
  1092 | D:2      | 1092 ||| Stepping ~*~*~tactically~*~*~ (stealth).
  1093 | D:2      | 1093 ||| Stepping ~*~*~tactically~*~*~ (stealth).
  1279 | D:2      | 1279 ||| UPGRADING to +6 ring of dexterity.
  1280 | D:2      | 1280 ||| READING scroll labelled WUMADWU WUTUMP.
  1348 | D:3      | Noticed an ogre
  1354 | D:3      | Killed an ogre
  1355 | D:3      | Reached XP level 6. HP: 26/37 MP: 6/6
  1446 | D:3      | HP: 6/37 [something/puff of flame (4)]
  1448 | D:3      | HP: 2/37 [something (1)]
  1450 | D:3      | Reached skill level 5 in Axes
  1453 | D:3      | HP: 2/37 [something (2)]
  1456 | D:3      | 1456 ||| FLEEEEING.
  1456 | D:3      | Slain by an orc wizard

Levels and vault maps discovered:
D:1:      psy_arrival_radial01, layout_loops_ring, serial_shops, shop
D:2:      layout_rooms
D:3:      layout_basic, minmay_misc_feat_secret_circle

Skill      XL: |  1  2  3  4  5  6 |
---------------+-------------------+-----
Axes           | 2 3 4 5 |  5.0
Dodging        | 2 |  2.3
Fighting       | |  3.5
Armour         | |  3.2
Shields        | |  3.2

Action                     |  1- 3 |  4- 6 || total
---------------------------+-------+-------++-------
  Melee: War axe           |    81 |   101 ||   182
    Use: Scroll            |     1 |     1 ||     2
 Armour: Scale mail        |    41 |    74 ||   115
  Dodge: Dodged            |    32 |    51 ||    83
  Block: Buckler           |    20 |    25 ||    45

Table legend:
 A = Non-vault XP
 B = Vault XP
 C = Vault XP percentage of total XP
 D = Non-vault monster count
 E = Vault monster count
 F = Vault count percentage of total count
                 A         B        C        D         E       F
            +---------+---------+-------+---------+---------+-------
      Total |     413 |       0 |   0.0 |      68 |       0 |   0.0
            +---------+---------+-------+---------+---------+-------
        D:1 |      38 |       0 |   0.0 |      24 |       0 |   0.0
        D:2 |     180 |       0 |   0.0 |      34 |       0 |   0.0
        D:3 |     195 |       0 |   0.0 |      10 |       0 |   0.0
            +---------+---------+-------+---------+---------+-------
